 Dungeon Crawl Stone Soup version 0.31-a0-496-g6f97920a28 (webtiles) character file.

Game seed: 15604870878618225401

14 jasper the Caller (level 2, 0/22 HPs)
             Began as a Human Wanderer on Aug 8, 2023.
             Slain by an adder (3 damage)
             ... on level 2 of the Dungeon.
             The game lasted 00:01:17 (530 turns).

jasper the Caller (Human Wanderer)                   Turns: 530, Time: 00:01:18

Health: 0/22       AC:  6    Str: 12    XL:     2   Next: 55%
Magic:  5/5        EV: 10    Int: 14    God:
Gold:   31         SH:  0    Dex: 10    Spells: 4/5 levels left

rFire   . . .        a - +0 club
rCold   . . .        (no shield)
rNeg    . . .        d - +0 ring mail
rPois   .            (no helmet)
rElec   .            f - +0 cloak
rCorr   .            (no gloves)
SInv    .            (no boots)
Will    .....        (no amulet) Stlth
                     (no ring)
HPRegen 0.23/turn    (no ring)
MPRegen 0.09/turn

%: no passive effects
@: no status effects
A: no striking features
a: no special abilities


You were on level 2 of the Dungeon.
You visited 1 branch of the dungeon, and saw 2 of its levels.

You collected 31 gold pieces.

Inventory:

Hand Weapons
 a - a +0 club (weapon)
Armour
 b - a +0 robe
 d - a +0 ring mail (worn)
 f - a +0 cloak (worn)
Jewellery
 e - a ring of resist corrosion
Scrolls
 c - 2 scrolls of fog


   Skills:
 - Level 2.0 Fighting
 - Level 1.0 Armour
 - Level 2.0 Spellcasting
 - Level 2.1 Hexes
 + Level 2.8 Summonings
 - Level 1.0 Evocations


You had 4 spell levels left.
You knew the following spells:

 Your Spells              Type           Power      Damage    Failure   Level
a - Summon Small Mammal   Summ           36%        N/A       17%         1

Your spell library contained the following spells:

 Spells                   Type           Power      Damage    Failure   Level
 Slow                     Hex            28%        N/A       22%         1
 Ensorcelled Hibernation  Hex/Ice        8%         N/A       45%         2
 Summon Guardian Golem    Hex/Summ       8%         N/A       50%         3


Dungeon Overview and Level Annotations

Branches:
Dungeon (1/15)

Altars:


Message History

The adder is moderately wounded.
You feel sick. The adder bites you but does no damage.
The adder barely misses you. x2
You take 1 damage, and have 12/22 hp.
You closely miss the adder.
The adder is moderately wounded.
You feel sick. The adder bites you but does no damage.
The adder barely misses you. x2; The adder bites you.
You take 3 damage, and have 9/22 hp.
You hit the adder.
The adder is heavily wounded.
You feel sick.
You are no longer poisoned.
The adder bites you but does no damage. The adder bites you.
* * * LOW HITPOINT WARNING * * *
The adder barely misses you.
You take 3 damage, and have 6/22 hp.
The adder attacks as you move away! The adder barely misses you.
The adder closely misses you. The adder barely misses you.
You see here a scroll labelled ZULUPOPUTT.
The adder barely misses you.
You aren't carrying any potions.
You aren't carrying any items that you can evoke.
You hit the adder. Your punch misses the adder.
The adder is severely wounded.
The adder closely misses you.
You hit the adder but do no damage.
The adder is severely wounded.
The adder bites you.
* * * LOW HITPOINT WARNING * * *
The adder bites you.
* * * LOW HITPOINT WARNING * * *
You take 5 damage, and have 2/22 hp.
MASSIVE DAMAGE!!
You closely miss the adder.
The adder is severely wounded.
The adder misses you. The adder bites you but does no damage.
You hit the adder but do no damage.
The adder is severely wounded.
The adder bites you.
You die...

.... ... ... #.#### .
#.... .# ###.# #..# ..
..#.# #.####..##$#...
#.#.# #...@SS......# #.#.#
#..###..##..... #.#.# # ##
#..# ### #.#.# #.#
#.###..#
###.#.###.####......#
.............####..>#####
.##.#.###.#...###........#
#)#.# #...#......#####>#
#.#.# #...###.##


You could see 2 adders.

Vanquished Creatures
  An endoplasm (D:2)
  2 giant cockroaches
  A quokka (D:2)
  2 bats (D:1)
  A frilled lizard (D:2)
  3 goblins
  2 rats (D:1)
12 creatures vanquished.

Vanquished Creatures (collateral kills)
  A quokka (D:1)
1 creature vanquished.

Grand Total: 13 creatures vanquished

Notes
Turn   | Place    | Note
-------+----------+-------------------------------------------
     0 | D:1      | jasper the Human Wanderer began the quest for the Orb.
     0 | D:1      | jasper set off with the following items: a +0 club, a +0
                  | robe, 2 scrolls of fog; and the following spells available
                  | to memorise: Slow, Summon Small Mammal, Ensorcelled
                  | Hibernation, Summon Guardian Golem.
     0 | D:1      | Reached XP level 1. HP: 16/16 MP: 3/3
     2 | D:1      | Learned a level 1 spell: Summon Small Mammal
   279 | D:1      | Reached XP level 2. HP: 19/22 MP: 5/5
   436 | D:1      | You fall into a shaft and drop 1 floor!
   530 | D:2      | Slain by an adder

Illustrated notes

Levels and vault maps discovered:
D:1:      noname_arrival_rooms_in_the_neighbourhood, layout_basic
D:2:      layout_loops_ring, basic_altar, dreamdust_ecumenical_altar_statues

Action                     || total
---------------------------++-------
  Melee: Club              ||    66
         Punch             ||     1
   Cast: Summon Small Mamm ||     5
 Armour: Ring mail         ||    34
         Robe              ||     1
  Dodge: Dodged            ||    41

Table legend: (Time is in decaauts)
 A = Elapsed time spent in this place.
 B = Non-inter-level travel time spent in this place.
 C = Inter-level travel time spent in this place.
 D = Time resting spent in this place.
 E = Time spent auto-exploring this place.
 F = Levels seen in this place.
 G = Mean time per level.
                   A        B        C        D        E       F      G
               +--------+--------+--------+--------+--------+-----+--------+
         Total |    549 |    549 |      0 |      0 |    361 |   2 |  274.5 |
       Dungeon |    549 |    549 |      0 |      0 |    361 |   2 |  274.5 |
               +--------+--------+--------+--------+--------+-----+--------+

Top non-repeatable levels by time:
     D:1: 444 daAuts
     D:2: 105 daAuts
